 Dungeon Crawl Stone Soup version 0.26-a0-244-g083ca260ac (webtiles) character file.

Game seed: 8120052040495843761

210 MrRokkomies the Bolt Thrower (level 6, -5/34 HPs)
             Began as a Kobold Arcane Marksman on July 8, 2020.
             Killed by divine providence
             ... invoked by an orc priest
              (14 damage)
             ... on level 3 of the Dungeon.
             The game lasted 00:09:48 (4307 turns).

MrRokkomies the Bolt Thrower (KoAM)                 Turns: 4307, Time: 00:09:49

Health: -5/34      AC:  8    Str: 10    XL:     6   Next: 12%
Magic:  7/7        EV: 14    Int: 14    God:
Gold:   153        SH:  0    Dex: 15    Spells: 4/7 levels left

rFire    + . .     SeeInvis .   b - +0 broad axe
rCold    . . .     Faith    .   (shield currently unavailable)
rNeg     . . .     Spirit   .   q - +1 ring mail {rF+}
rPois    .         Reflect  .   c - +1 helmet
rElec    .         Harm     .   (no cloak)
rCorr    .                      (no gloves)
MR       .....                  (no boots)
Stlth    ++........             m - amulet of magic regeneration
HPRegen  0.11/turn              (no ring)
MPRegen  0.35/turn              (no ring)

@: no status effects
A: small
a: no special abilities


You were on level 3 of the Dungeon.
You were not hungry.

You visited 1 branch of the dungeon, and saw 4 of its levels.

You collected 153 gold pieces.

Inventory:

Hand Weapons
 a - a +0 hand crossbow
 b - a +0 broad axe (weapon)
 d - a +0 dagger
Missiles
 p - 2 bolts
Armour
 c - a +1 helmet (worn)
 q - a +1 ring mail of fire resistance (worn)
Jewellery
 m - an amulet of magic regeneration (around neck)
Wands
 o - a wand of polymorph (6)
Scrolls
 e - a scroll of noise {unknown}
 f - a scroll of remove curse
 g - a scroll of amnesia
 i - 3 scrolls of enchant armour
Potions
 h - a potion of lignification {unknown}
 j - a potion of curing
 n - 2 potions of cancellation {unknown}
Comestibles
 k - 3 rations


   Skills:
 - Level 1.1 Fighting
 + Level 0.0 Axes
 * Level 4.5 Crossbows
 + Level 3.6 Dodging
 - Level 2.7 Stealth
 - Level 1.1 Spellcasting
 * Level 4.4 Hexes


You had 4 spell levels left.
You knew the following spells:

 Your Spells              Type           Power        Failure   Level
a - Corona                Hex            ##.....      11%         1
b - Slow                  Hex            ##......     17%         2

Your spell library contained the following spells:

 Spells                   Type           Power        Failure   Level
 Magic Dart               Conj           #...         56%         1
 Inner Flame              Hex/Fire       #.......     63%         3
 Portal Projectile        Hex/Tloc       #.....       63%         3
 Blink                    Tloc           N/A          71%         2
 Call Imp                 Summ           #.......     71%         2
 Cause Fear               Hex            ##........   73%         4
 Conjure Flame            Conj/Fire      #.......     90%         3
 Mephitic Cloud           Conj/Pois/Air  #.......     90%         3
 Leda's Liquefaction      Hex/Erth       #.........   95%         4


Dungeon Overview and Level Annotations

Branches:
Dungeon (4/15)
 Temple: D:4-7

Altars:


Message History

You slash the adder!
You kill the adder!
No target in view!
No target in view!
p - 2 bolts You see here an orc corpse.
There is a stone staircase leading up here.
There is a stone staircase leading up here.
You start resting.
HP restored.
You climb upwards.
The orc priest calls down the wrath of Beogh upon you.
Beogh smites you!
There is a stone staircase leading down here.
The orc priest calls down the wrath of Beogh upon you.
Pain shoots through your body!
* * * LOW HITPOINT WARNING * * *
The orc priest invokes the aid of Beogh against you.
Beogh smites you!
You die...

.......#.##....##......#......!..
.......#.##.....#....#.#..##(....
########................>.#.(....
#....#.##..#....#......(....
##..........................
###.#.#......#.......).....
#.#.###..#...o....).(.... #.#.#
#.....>.o.[........ #.#.#
#.@..#............. #.#..
#.##.............!. #.###
#.................. #.
)..............รท...
.<............$.....
##...................
#####.......(.......
#.....#####..... ).. ##.<..


You could see 2 orc priests.

Vanquished Creatures
  An orc priest (D:2)
  Ijyb (D:3)
  Robin (D:1)
  4 adders
  An ooze (D:1)
  4 worms
  5 leopard geckos
  8 orcs
  3 giant cockroaches
  13 goblins
  11 hobgoblins
  3 jackals (D:4)
  A ball python (D:2)
  6 bats
  8 frilled lizards
  7 kobolds
  5 rats
82 creatures vanquished.

Notes
Turn   | Place    | Note
-------+----------+-------------------------------------------
     0 | D:1      | MrRokkomies the Kobold Arcane Marksman began the quest for
                  | the Orb.
     0 | D:1      | Reached XP level 1. HP: 12/12 MP: 2/2
   137 | D:1      | Reached XP level 2. HP: 11/16 MP: 3/3
   670 | D:1      | Reached skill level 1 in Stealth
   828 | D:1      | Reached XP level 3. HP: 15/20 MP: 4/4
  1069 | D:2      | Noticed Robin
  1591 | D:1      | Killed Robin
  1591 | D:1      | Reached XP level 4. HP: 19/25 MP: 5/5
  2879 | D:2      | Learned a level 2 spell: Slow
  2911 | D:3      | Noticed Ijyb
  2914 | D:2      | Reached XP level 5. HP: 9/29 MP: 6/6
  3307 | D:3      | Killed Ijyb
  3828 | D:3      | Reached XP level 6. HP: 4/34 MP: 7/7
  4307 | D:3      | Killed from afar by an orc priest

Illustrated notes

Levels and vault maps discovered:
D:1:      dpeg_arrival_arbitrary_a, layout_basic
D:2:      layout_loops_ring, st_stairs_9, minivault_24, uniq_robin
D:3:      layout_rooms, nicolae_ashenzari_panopticon,
          chequers_ecumenical_altar_simple, uniq_ijyb
D:4:      layout_loops_ring, serial_shops, nicolae_shop_crystal, first_ration,
          uniq_edmund

Skill      XL: |  1  2  3  4  5 |
---------------+----------------+-----
Crossbows      | 3 4 |  4.5
Stealth        | 1 2 |  2.7
Dodging        | 3 |  3.6
Hexes          | 4 |  4.4
Fighting       | |  1.1
Spellcasting   | |  1.1

Action                   |  1- 3 |  4- 6 || total
-------------------------+-------+-------++-------
Melee: Dagger            |    58 |   157 ||   215
       Broad axe         |       |    41 ||    41
 Fire: Hand crossbow     |    43 |    52 ||    95
  Use: Scroll            |     2 |     3 ||     5
       Potion            |     1 |     2 ||     3
 Stab: Sleeping          |     2 |     1 ||     3
  Eat: Ration            |     1 |     2 ||     3
Armor: Robe              |    18 |    38 ||    56
       Ring mail         |       |     3 ||     3
Dodge: Dodged            |    75 |   180 ||   255
Block: Buckler           |       |    56 ||    56

Table legend:
 A = Non-vault XP
 B = Vault XP
 C = Vault XP percentage of total XP
 D = Non-vault monster count
 E = Vault monster count
 F = Vault count percentage of total count
                 A         B        C        D         E       F
            +---------+---------+-------+---------+---------+-------
      Total |     215 |      86 |  28.6 |      65 |      17 |  20.7
            +---------+---------+-------+---------+---------+-------
        D:1 |      34 |      28 |  45.2 |      19 |       7 |  26.9
        D:2 |      99 |      20 |  16.8 |      26 |       9 |  25.7
        D:3 |      60 |      38 |  38.8 |      15 |       1 |   6.2
        D:4 |      22 |       0 |   0.0 |       5 |       0 |   0.0
            +---------+---------+-------+---------+---------+-------
